 Dungeon Crawl Stone Soup version 0.25.1-2-g60ff931df9 (webtiles) character file.

Game seed: 12406958029632877811

42 Curus the Chopper (level 3, 31/31 HPs)
             Began as a Minotaur Monk on Oct 25, 2020.
             Quit the game on level 2 of the Dungeon.
             The game lasted 00:05:28 (814 turns).

Curus the Chopper (Minotaur Monk)                    Turns: 814, Time: 00:05:28

Health: 31/31      AC:  5    Str: 15    XL:     3   Next: 33%
Magic:  2/2        EV: 12    Int:  7    God:
Gold:   89         SH:  0    Dex: 13    Spells: 2/2 levels left

rFire    . . .     SeeInvis .   d - +1 spear (flame)
rCold    . . .     Gourm    .   (no shield)
rNeg     . . .     Faith    .   e - +0 ring mail
rPois    .         Spirit   .   (helmet restricted)
rElec    .         Reflect  .   (no cloak)
rCorr    .         Harm     .   (no gloves)
MR       .....                  (no boots)
Stlth    +.........             (no amulet)
HPRegen  0.10/turn              (no ring)
MPRegen  0.08/turn              (no ring)

@: no status effects
A: retaliatory headbutt, horns 2
a: no special abilities


You were on level 2 of the Dungeon.
You were not hungry.

You visited 1 branch of the dungeon, and saw 2 of its levels.

You collected 89 gold pieces.

Inventory:

Hand Weapons
 a - a +1 hand axe
 d - a +1 spear of flaming (weapon)
Armour
 b - a +0 robe
 e - a +0 ring mail (worn)
Scrolls
 g - 3 scrolls of identify
Comestibles
 c - 3 rations
 f - 4 chunks of flesh


   Skills:
 - Level 3.6 Fighting
 - Level 5.0(5.1) Axes
 + Level 1.6(3.6) Polearms
 - Level 3.2 Dodging
 - Level 1.5 Stealth


You had 2 spell levels left.
You didn't know any spells.
Your spell library was empty.

Dungeon Overview and Level Annotations

Branches:
Dungeon (2/15)

Altars:


Innate Abilities, Weirdness & Mutations

You reflexively headbutt those who attack you in melee.
You have a pair of horns on your head.


Message History

The kobold throws a stone.
The stone hits you.
You see here a stone.
The kobold throws a stone.
The stone closely misses you.
Attack whom?
Press: ? - help, Dir - move target cursor, f - kobold
Aim: a kobold, wielding a +0 rapier and quivering a stone You reach to attack!
You hit the kobold. You burn the kobold.
You kill the kobold!
HP restored.
h - a scroll labeled CEFEWK NIGACW
Things that are here:
a +0 rapier; a stone
As you read the scroll labeled CEFEWK NIGACW, it crumbles to dust.
It is a scroll of enchant weapon.
Your +0 hand axe glows red for a moment.
Unknown command.
Saving game... please wait.
Welcome back, Curus the Minotaur Monk.
Press ? for a list of commands and other information.
Are you sure you want to abandon this character and quit the game? (Confirm with "yes".)

#......# #..#
#####.........# ......##
#.## ####..#####.. ...#####
#.# #....## #.# .###
#.#####.# ###รท#### ##.# ##
#.##..<.# ###...# ###..#
#....#### #...### #...##
##....# #.### #.###
##.##.######.# #.#
#..##(.(...@.### ###.#
#.#########....######...####
#.# ##.#.............#
######.##
###.######.######..
........## #...# #...# .
.........######.### #.###
########....#...# #. #
####.<.### # # ##..#


There were no monsters in sight!

Vanquished Creatures
  An ooze (D:1)
  3 leopard geckos (D:1)
  3 bats
  A giant cockroach (D:1)
  4 goblins
  2 hobgoblins (D:1)
  2 jackals (D:1)
  8 kobolds
  A quokka (D:2)
  2 ball pythons (D:1)
  A frilled lizard (D:1)
  4 rats
32 creatures vanquished.

Notes
Turn   | Place    | Note
-------+----------+-------------------------------------------
     0 | D:1      | Curus the Minotaur Monk began the quest for the Orb.
     0 | D:1      | Reached XP level 1. HP: 19/19 MP: 0/0
    44 | D:1      | Reached skill level 4 in Axes
    84 | D:1      | Reached XP level 2. HP: 22/26 MP: 1/1
   330 | D:1      | Reached skill level 5 in Axes
   394 | D:1      | Reached XP level 3. HP: 29/31 MP: 2/2
   432 | D:1      | Reached skill level 1 in Polearms
   814 | D:2      | Quit the game

Illustrated notes

Levels and vault maps discovered:
D:1:      onia_arrival_mini_spirals, layout_rooms,
          chequers_serial_rivers_micro_b
D:2:      layout_rooms, serial_curves, eino_curves_01, eino_curves_04,
          kennysheep_generic_room_7

Skill      XL: |  1  2  3 |
---------------+----------+-----
Axes           | 4 5 |  5.0
Polearms       | 1 |  1.6
Fighting       | |  3.6
Dodging        | |  3.2
Stealth        | |  1.5

Action                   || total
-------------------------++-------
Melee: Hand axe          ||     9
       Spear             ||    52
       Headbutt          ||     8
  Use: Scroll            ||     4
       Potion            ||     2
 Stab: Sleeping          ||     1
Armor: Robe              ||     2
       Ring mail         ||     5
Dodge: Dodged            ||    22
